 Dungeon Crawl Stone Soup version 0.31-a0-703-gcfe89afef6 (webtiles) character file.

Game seed: 18345773265176560117

1978 randomguy2701 the Cleaver (level 9, -13/78 HPs)
             Began as a Hill Orc Fighter on Sept 9, 2023.
             Was a Believer of Beogh.
             Killed by divine providence
             ... invoked by an orc priest
              (14 damage)
             ... on level 7 of the Dungeon.
             The game lasted 00:09:07 (5863 turns).

randomguy2701 the Cleaver (Hill Orc Fighter)        Turns: 5863, Time: 00:09:08

Health: -13/78     AC:  7    Str: 21    XL:     9   Next: 20%
Magic:  9/9        EV: 10    Int:  8    God:    Beogh [**....]
Gold:   218        SH: 10    Dex: 12    Spells: 8/8 levels left

rFire   . . .        a - +0 war axe
rCold   . . .        c - +0 buckler
rNeg    . . .        b - +0 scale mail
rPois   .            (no helmet)
rElec   .            (no cloak)
rCorr   .            (no gloves)
SInv    .            (no boots)
Will    .....        j - amulet of reflection Stlth
                     (no ring)
HPRegen 0.33/turn    (no ring)
MPRegen 0.11/turn

%: reflection
@: no status effects
A: no striking features
a: Renounce Religion, Smiting


You were on level 7 of the Dungeon.
You worshipped Beogh.
Beogh was pleased with you.
You visited 1 branch of the dungeon, and saw 7 of its levels.

You collected 218 gold pieces.

Inventory:

Hand Weapons
 a - a +0 war axe (weapon)
Missiles
 o - 2 throwing nets
Armour
 b - a +0 scale mail (worn)
 c - a +0 buckler (worn)
Jewellery
 j - an amulet of reflection (around neck)
Scrolls
 f - a scroll of noise {unknown}
 h - 4 scrolls of identify {unknown}
 i - a scroll of revelation {unknown}
 m - a scroll of vulnerability {unknown}
 q - 2 scrolls of brand weapon {unknown}
 s - 2 scrolls of amnesia {unknown}
 v - 5 scrolls of teleportation {unknown}
 w - a scroll of immolation {unknown}
 x - a scroll of enchant armour {unknown}
Potions
 d - a potion of might
 e - a potion of cancellation {unknown}
 g - 2 potions of invisibility {unknown}
 k - 2 potions of enlightenment {unknown}
 l - 4 potions of degeneration {unknown}
 n - 3 potions of lignification {unknown}
 p - a potion of brilliance {unknown}
 r - a potion of curing {unknown}
 t - a potion of magic {unknown}
 u - a potion of heal wounds {unknown}


   Skills:
 + Level 6.6 Fighting
 + Level 9.7 Axes
 + Level 6.5 Armour
 + Level 2.7 Dodging
 + Level 0.1 Stealth
 + Level 6.4 Shields


You had 8 spell levels left.
You didn't know any spells.
Your spell library contained the following spells:

 Spells                   Type           Power      Damage    Failure   Level
 Necrotise                Necr           0%         1d4       78%         1
 Call Canine Familiar     Summ           0%         N/A       98%         3
 Ozocubu's Armour         Ice            0%         N/A       98%         3
 Sigil of Binding         Hex            0%         N/A       98%         3
 Vampiric Draining        Necr           0%         2d6       98%         3
 Volatile Blastmotes      Fire/Tloc      0%         2d10      98%         3
 Dimensional Bullseye     Hex/Tloc       0%         N/A       100%        4
 Fulminant Prism          Conj/Hex       0%         3d5       100%        4
 Iskenderun's Mystic Bla  Conj/Tloc      0%         2d3       100%        4
 Leda's Liquefaction      Hex/Erth       0%         N/A       100%        4
 Agony                    Necr           0%         N/A       100%        5
 Ozocubu's Refrigeration  Ice            0%         4d7       100%        7


Dungeon Overview and Level Annotations

Branches:
Dungeon (7/15)
 Temple: D:4-7

Altars:
Ashenzari
Hepliaklqana
Ru
Uskayaw
Vehumet
Xom
Zin

Shops:
D:6 *


Message History

You block the orc priest's attack. The sky beast misses you.
The orc priest hits you from afar with a +0 trident!
You barely miss the sky beast.
The sky beast is moderately wounded.
The sky beast misses you. You block the orc priest's attack.
You slash the sky beast!
The sky beast is severely wounded.
The sky beast hits you. The sky beast shocks you.
* * * LOW HITPOINT WARNING * * *
You block the orc priest's attack.
You miss the sky beast.
The sky beast is severely wounded.
You block the sky beast's attack. You block the orc priest's attack.
You slash the sky beast!
The sky beast is almost dead.
You block the sky beast's attack.
The orc priest hits you but does no damage.
You miss the sky beast.
The sky beast is almost dead.
You block the sky beast's attack. The orc priest closely misses you.
You slash the sky beast!
You kill the sky beast!
Beogh accepts your kill. You block the orc priest's attack.
Found 5 stones.
The orc priest invokes the aid of Beogh against you.
Beogh smites you!
* * * LOW HITPOINT WARNING * * *
Things that are here:
a +0 trident; an orc corpse You slash the orc priest!
The orc priest is severely wounded.
The orc priest hits you with a +0 trident!
* * * LOW HITPOINT WARNING * * *
You hit the orc priest but do no damage.
The orc priest is severely wounded.
The orc priest calls down the wrath of Beogh upon you.
Beogh smites you!
You die...
Beogh appreciates the orc priest's killing of a heretic priest.

.....#..#.#
.....#
........#.#
#.....#
..........#
......
.........##
#....
..........#
....
...(.....###
......#....#
#.....#.).##
#.#...#.)@#
#......o...#
....#..........
....#.........#
... ......##...
.. ...~~.~. ..
.......... .
#.......(...


You could see an orc priest.

Vanquished Creatures
  Grinder (D:3)
  2 sky beasts
  A black bear (D:6)
  A phantom (D:5)
  3 kobold brigands (D:6)
  A gnoll sergeant (D:7)
  3 scorpions (D:6)
  2 orc priests (D:6)
  2 hounds
  4 jellies
  2 gnoll boudas
  5 iguanas
  Natasha (thrice) (D:3)
  7 orc wizards
  16 gnolls
  6 adders
  A shadow imp (D:6)
  A white imp (D:5)
  4 worms
  3 dart slugs
  24 orcs
  3 ball pythons
  8 bats
  6 endoplasms
  5 giant cockroaches
  6 hobgoblins
  5 jackals
  3 quokkas
  5 frilled lizards
  7 goblins
  19 kobolds
  4 rats
163 creatures vanquished.

Notes
Turn   | Place    | Note
-------+----------+-------------------------------------------
     0 | D:1      | randomguy2701 the Hill Orc Fighter began the quest for the
                  | Orb.
     0 | D:1      | Reached XP level 1. HP: 19/19 MP: 1/1
   128 | D:1      | Reached XP level 2. HP: 27/27 MP: 2/2
   237 | D:1      | Reached skill level 3 in Axes
   237 | D:1      | Reached XP level 3. HP: 14/33 MP: 3/3
  1009 | D:2      | Reached XP level 4. HP: 41/41 MP: 4/4
  1338 | D:3      | Reached skill level 4 in Axes
  1348 | D:3      | Found a radiant altar of Vehumet.
  1381 | D:3      | Reached XP level 5. HP: 45/47 MP: 5/5
  1598 | D:3      | Noticed Natasha
  1598 | D:3      | Noticed Grinder
  1602 | D:3      | Killed Natasha
  1619 | D:3      | Killed Grinder
  1620 | D:3      | Reached skill level 5 in Fighting
  1620 | D:3      | Reached skill level 6 in Axes
  1620 | D:3      | Reached skill level 1 in Dodging
  1620 | D:3      | Reached XP level 6. HP: 6/56 MP: 6/6
  1814 | D:3      | Noticed Natasha
  1824 | D:3      | Killed Natasha
  1920 | D:3      | Noticed Natasha
  1935 | D:3      | Killed Natasha
  1991 | D:3      | Found a faded altar of an unknown god.
  2056 | D:4      | Reached XP level 7. HP: 61/61 MP: 7/7
  2273 | D:4      | Found a glowing silver altar of Zin.
  2342 | D:4      | Became a worshipper of Beogh the Brigand
  2740 | D:4      | Found a shimmering altar of Xom.
  2742 | D:4      | Found a sacrificial altar of Ru.
  2742 | D:4      | Found an iron altar of Okawaru.
  2744 | D:4      | Found a glowing silver altar of Zin.
  2744 | D:4      | Found a hazy altar of Hepliaklqana.
  2744 | D:4      | Found a glowing silver altar of Zin.
  2891 | D:5      | Entered Level 5 of the Dungeon
  3089 | D:5      | Reached skill level 7 in Axes
  3694 | D:5      | Reached skill level 5 in Armour
  3694 | D:5      | Reached skill level 5 in Shields
  4013 | D:6      | Found Heukhep's Assorted Antiques.
  4013 | D:6      | Found a hide-covered altar of Uskayaw.
  4021 | D:6      | Reached XP level 8. HP: 68/69 MP: 8/8
  4067 | D:6      | Reached * piety under Beogh
  4264 | D:6      | Found a broken altar of Ashenzari.
  4478 | D:6      | Reached skill level 8 in Axes
  4600 | D:6      | Identified the +8 short sword "Qulliofus" {freeze, *Rage
                  | +Blink Fly rElec}
  5080 | D:6      | Reached ** piety under Beogh
  5125 | D:6      | Reached skill level 9 in Axes
  5173 | D:6      | Reached XP level 9. HP: 61/78 MP: 9/9
  5862 | D:7      | HP: 1/78 [orc priest/+0 trident (7)]
  5863 | D:7      | Killed from afar by an orc priest

Illustrated notes

Levels and vault maps discovered:
D:1:      scummos_arrival_hexagon, layout_rooms
D:2:      layout_loops_cross
D:3:      layout_basic, nicolae_overflow_crystal_walls, basic_ecumenical_altar,
          minmay_misc_feat_square, minmay_crystal_water, uniq_natasha,
          uniq_grinder
D:4:      layout_cave_pools, mainiacjoe_overflow_24_doors, doesnt_xom_only_xom
D:5:      layout_loops_corners
D:6:      layout_rooms, enter_ossuary_2, serial_shops, shop,
          hangedman_feature_mirror, nicolae_letterblocks
          [nicolae_letter_subblock, nicolae_letter_subblock,
          nicolae_letter_subblock, nicolae_letter_subblock,
          nicolae_letter_subblock, nicolae_letter_subblock,
          nicolae_letter_subblock, nicolae_letter_subblock,
          nicolae_letter_subblock, nicolae_letter_subblock,
          nicolae_letter_subblock, nicolae_letter_subblock,
          nicolae_letter_subblock, nicolae_letter_subblock,
          nicolae_letter_subblock, nicolae_letter_subblock,
          nicolae_letter_subblock, nicolae_letter_subblock,
          nicolae_letter_subblock, nicolae_letter_subblock,
          nicolae_letter_subblock, nicolae_letter_subblock,
          nicolae_letter_subblock, nicolae_letter_subblock,
          nicolae_letter_subblock]
D:7:      layout_cave_pools, minmay_temple_entry_ruins

Skill      XL: |  1  2  3  4  5  6  7  8 |
---------------+-------------------------+-----
Fighting       | 4 5 6 |  6.6
Axes           | 3 4 6 7 9 |  9.7
Shields        | 4 5 6 |  6.4
Armour         | 4 5 6 |  6.5
Dodging        | 1 2 |  2.7
Stealth        | |  0.1

Action                     |  1- 3 |  4- 6 |  7- 9 || total
---------------------------+-------+-------+-------++-------
  Melee: War axe           |    84 |   110 |   331 ||   525
 Invoke: Convert to Beogh  |       |       |     1 ||     1
    Use: Potion            |       |       |     1 ||     1
 Armour: Scale mail        |    45 |    64 |   260 ||   369
  Dodge: Dodged            |    39 |    34 |   103 ||   176
  Block: Buckler           |    32 |    57 |   193 ||   282
         Reflection        |     2 |       |    12 ||    14

Table legend: (Time is in decaauts)
 A = Elapsed time spent in this place.
 B = Non-inter-level travel time spent in this place.
 C = Inter-level travel time spent in this place.
 D = Time resting spent in this place.
 E = Time spent auto-exploring this place.
 F = Levels seen in this place.
 G = Mean time per level.
                   A        B        C        D        E       F      G
               +--------+--------+--------+--------+--------+-----+--------+
         Total |   5984 |   5776 |    208 |     10 |   4538 |   7 |  854.9 |
       Dungeon |   5984 |   5776 |    208 |     10 |   4538 |   7 |  854.9 |
               +--------+--------+--------+--------+--------+-----+--------+

Top non-repeatable levels by time:
     D:5: 1609 daAuts
     D:6: 1103 daAuts
     D:4: 1006 daAuts
     D:3: 961 daAuts
     D:2: 618 daAuts
     D:1: 534 daAuts
     D:7: 152 daAuts
